 Dungeon Crawl Stone Soup version 0.17-a0-1625-g47e540b (webtiles) character file.

2170 matakusis the Chopper (level 9, -12/103 HPs)
             Began as a Demonspawn Gladiator on Aug 2, 2015.
             Was a Follower of Dithmenos.
             Mangled by an orc warrior
             ... wielding a +2 mace of distortion
              (14 damage)
             ... on level 8 of the Dungeon.
             The game lasted 00:35:40 (8475 turns).

matakusis the Chopper (Demonspawn Gladiator)        Turns: 8475, Time: 00:35:40

Health: -12/103    AC: 24    Str: 19    XL:     9   Next: 11%
Magic:  0/9        EV:  2    Int:  9    God:    Dithmenos [*.....]
Gold:   338        SH:  0    Dex: 14    Spells: 0 memorised, 8 levels left

rFire  . . .     SeeInvis .     a - +0 war axe
rCold  . . .     Clarity  .     (armour currently unavailable)
rNeg   + + +     SustAt   .     (no shield)
rPois  +         Gourm    .     (helmet currently unavailable)
rElec  .         Spirit   +     (cloak currently unavailable)
rCorr  .         Warding  .     (gloves currently unavailable)
rMut   .         NoTele   +     (boots currently unavailable)
MR     .....                    o - amulet of guardian spirit
Stlth  +.........               (no ring)
                                (no ring)

@: tree-form, very slightly contaminated, wreathed by umbra, invisible, not
resistant to hostile enchantments, very unstealthy
A: (antennae 0), (icy blue scales 0), (fire resistance 0), powered by death 1
a: Renounce Religion


You were on level 8 of the Dungeon.
You worshipped Dithmenos.
Dithmenos was aware of your devotion.
You were not hungry.
You were a tree.
You visited 2 branches of the dungeon, and saw 9 of its levels.

You collected 338 gold pieces.

Inventory:

Hand weapons
 a - a +0 war axe (weapon)
Missiles
 d - 2 throwing nets (quivered)
Armour
 g - a +0 chain mail of magic resistance (melded)
 h - a +0 cloak (melded)
Jewellery
 o - an amulet of guardian spirit (around neck)
 p - an uncursed ring of teleportation
 s - an uncursed ring of ice
 u - an uncursed ring of ice
 v - an uncursed ring of protection from cold {unknown}
Scrolls
 c - 4 scrolls of teleportation
 f - 2 scrolls of remove curse
 j - 2 scrolls of identify
 n - a scroll of magic mapping
 q - a scroll of fear
Potions
 r - 2 potions of flight
Comestibles
 e - 4 bread rations
 i - a slice of pizza
 k - a beef jerky
 m - 2 meat rations
 w - 2 fruits


   Skills:
 + Level 6.0 Fighting
 + Level 6.1 Axes
 - Level 1.7 Throwing
 + Level 6.1 Armour
 + Level 5.6 Dodging


You had 8 spell levels left.
You didn't know any spells.

Dungeon Overview and Level Annotations

Branches:
Dungeon (8/15)             Temple (1/1) D:5
   Lair: D:8-11

Altars:
Ashenzari
Cheibriados
Dithmenos
Elyvilon
Fedhas
Gozag
Kikubaaqudgha
Makhleb
Nemelex Xobeh
Okawaru
Qazlal
Ru
Sif Muna
Trog
Vehumet
Xom
Yredelemnul
Zin
The Shining One


Innate Abilities, Weirdness & Mutations

((You have a pair of antennae on your head.))
((You are partially covered in icy blue scales (AC +1).))
((Your flesh is heat resistant.))
You regenerate a little health from kills.


Message History

The orc priest hits you but does no damage.
You are very lightly contaminated with residual magic.
You barely miss the orc priest. You barely miss the orc warrior.
The orc warrior is lightly wounded.
The orc priest hits you but does no damage.
The orc warrior hits you but does no damage.
You strike the helpless orc priest from behind!
You slash the orc priest!
The orc priest is severely wounded.
You miss the orc warrior.
The orc warrior is lightly wounded.
The orc warrior hits you with a mace of distortion!
* * * LOW HITPOINT WARNING * * *
Space bends around you.
* * * LOW HITPOINT WARNING * * *
You hit the orc warrior.
The orc warrior is lightly wounded.
The orc warrior hits you but does no damage.
Space warps horribly around you!
You die...

#.# ### #)# ##.#
##.###.# ##...
##....>.###...# .
.<##..#.....#.## ..
####...#.#####.# ...
##.....####.## ..#
##.)....).o.)####..#
......##...÷..o♣....#
#.....#####..###...##
#......###).## ##...#
#..#.......## #....%.
#..#..##.o## ...... #
##.# ....# #o##
######.. #..# .. #..
#..# . #..#


You could see an orc warrior and an orc priest.

Vanquished Creatures
  The ghost of cireshan the Conjurer, an experienced DECj (D:8)
  Prince Ribbit (D:6)
  A yak (D:8)
  2 ogres
  An orc warrior (D:7)
  A centaur (D:5)
  A phantom (D:7)
  The ghost of matakusis the Ducker, an average DsGl (D:3)
  3 scorpions
  2 hounds
  A crimson imp (D:6)
  5 orc priests
  2 jellies
  2 orc wizards (D:7)
  3 iguanas
  8 worker ants
  A hound skeleton (D:3)
  11 adders
  A river rat (D:8)
  4 gnolls (D:3)
  A shadow imp (D:6)
  An ooze (D:2)
  4 worms
  2 adder skeletons
  2 giant geckos
  12 orcs
  9 hobgoblins
  2 quokkas
  7 bats
  8 giant cockroaches
  4 giant newts
  6 goblins
  13 jackals
  A jackal zombie (D:6)
  8 kobolds
  A quokka skeleton (D:4)
  12 rats
145 creatures vanquished.

Notes
Turn   | Place    | Note
--------------------------------------------------------------
     0 | D:1      | matakusis the Demonspawn Gladiator began the quest for the Orb.
     0 | D:1      | Reached XP level 1. HP: 16/16 MP: 1/1
   235 | D:1      | Gained mutation: You have a pair of small antennae on your head. [demonic ancestry]
   235 | D:1      | Reached XP level 2. HP: 22/22 MP: 2/2
   316 | D:1      | Reached skill level 3 in Dodging
   662 | D:2      | Reached XP level 3. HP: 15/28 MP: 3/3
   947 | D:2      | Reached skill level 1 in Armour
  1228 | D:2      | Gained mutation: You have a pair of antennae on your head. [demonic ancestry]
  1228 | D:2      | Reached XP level 4. HP: 21/34 MP: 2/4
  2606 | D:3      | Noticed matakusis's ghost (average DsGl)
  2608 | D:3      | Reached skill level 4 in Dodging
  2608 | D:3      | Reached XP level 5. HP: 37/39 MP: 5/5
  2630 | D:3      | Killed matakusis's ghost
  2767 | D:3      | Gained mutation: You are partially covered in icy blue scales (AC +1). [demonic ancestry]
  2767 | D:3      | Reached XP level 6. HP: 34/47 MP: 6/6
  3847 | D:4      | Found a shadowy altar of Dithmenos.
  3864 | D:4      | Became a worshipper of Dithmenos the Shadowed
  3894 | D:4      | Found a sacrificial altar of Ru.
  4365 | D:5      | Entered Level 5 of the Dungeon
  4631 | D:5      | Reached XP level 7. HP: 26/53 MP: 7/7
  4878 | D:5      | Reached skill level 5 in Dodging
  4964 | D:5      | Found a staircase to the Ecumenical Temple.
  4983 | Temple   | Entered the Ecumenical Temple
  5646 | D:6      | Noticed Prince Ribbit
  5680 | D:6      | Killed Prince Ribbit
  5680 | D:6      | Reached skill level 5 in Axes
  5680 | D:6      | Gained mutation: You regenerate a little health from kills. [demonic ancestry]
  5680 | D:6      | Reached XP level 8. HP: 22/61 MP: 1/8
  6256 | D:7      | Found a sparkling altar of Nemelex Xobeh.
  6648 | D:7      | Found a burning altar of Makhleb.
  6732 | D:7      | Reached skill level 5 in Fighting
  7893 | D:7      | Reached skill level 5 in Armour
  8008 | D:8      | Noticed cireshan's ghost (experienced DECj)
  8128 | D:8      | Killed cireshan's ghost
  8128 | D:8      | Reached skill level 6 in Axes
  8324 | D:8      | Gained mutation: Your flesh is heat resistant. [demonic ancestry]
  8324 | D:8      | Reached XP level 9. HP: 24/69 MP: 4/9
  8470 | D:8      | HP: 5/103 [orc priest/divine providence (10)]
  8474 | D:8      | HP: 1/103 [orc warrior/mace of distortion (2)]
  8475 | D:8      | Mangled by an orc warrior

Vault maps used:
D:1:      dpeg_arrival_line_fractal, serial_bayou_pond_c
D:3:      minmay_misc_feat_columns
D:4:      old_standard_altar, first_bread, lemuel_tele_altar
D:5:      wad_pebble_path, minmay_temple_entry_purple_smoke
D:6:      uniq_prince_ribbit1
D:7:      nicolae_overflow_hidden_temple, nemelex_xobeh_ov_fountains_minmay
D:8:      due_lair_maze_entry_diamond
Temple:   lightli_temple_of_artemis

Action                   |  1- 3 |  4- 6 |  7- 9 || total
-------------------------+-------+-------+-------++-------
Melee: War axe           |   106 |   264 |   273 ||   643
Throw: Throwing net      |       |     1 |     4 ||     5
  Use: Scroll            |       |    13 |     1 ||    14
       Potion            |       |     1 |     9 ||    10
 Stab: Held in net/web   |       |     1 |     1 ||     2
       Invisible         |       |       |     1 ||     1
  Eat: Chunk             |     1 |    11 |     2 ||    14
       Bread ration      |       |       |     2 ||     2
       Meat ration       |       |       |     1 ||     1
